 Dungeon Crawl Stone Soup version 0.15.2 (webtiles) character file.

220 MordorOrchid the Sneak (level 5, 0/27 HPs)
             Began as a Spriggan Berserker on Dec 20, 2020.
             Was a Priest of Trog.
             Succumbed to Dowan's poison
             ... on Level 4 of the Dungeon.
             The game lasted 00:08:13 (2169 turns).

MordorOrchid the Sneak (Spriggan Berserker)         Turns: 2169, Time: 00:08:13

HP   0/27        AC  2     Str 14      XL: 5   Next: 64%
MP  10/10        EV 21     Int  8      God: Trog [***...]
Gold 148         SH  0     Dex 16      Spells:  0 memorised,  4 levels left

rFire  . . .     SeeInvis +     m - +2 dagger (pain)
rCold  . . .     Clarity  .     b - +0 animal skin
rNeg   . . .     rCorr    .     (shield restricted)
rPois  .         rRot     .     (helmet restricted)
rElec  .         Spirit   .     (no cloak)
SustAb .         Warding  .     (gloves unavailable)
rMut   .         Stasis   .     (boots unavailable)
Gourm  .                        (no amulet)
MR     .....                    B - ring of teleport control
                                i - ring of stealth

@: lethally poisoned, very quick, not resistant to hostile enchantments, quite
stealthy
A: unfitting armour, see invisible, herbivore 3, speed 3, slow metabolism 2
a: Burn Spellbooks, Berserk, Trog's Hand, Renounce Religion, Evoke Teleport
Control


You were on level 4 of the Dungeon.
You worshipped Trog.
Trog was most pleased with you.
You were very full.

You visited 1 branch of the dungeon, and saw 4 of its levels.

You collected 148 gold pieces.

Inventory:

Hand weapons
 a - a +0 short sword
 m - a +2 dagger of pain (weapon)
Missiles
 d - 95 stones (quivered)
 k - 7 poisoned needles
 n - 21 arrows
 q - 17 poisoned arrows
 u - 18 bolts
 v - 22 exploding sling bullets
 x - 19 sling bullets
Armour
 b - a +0 animal skin (worn)
Magical devices
 w - a wand of magic darts (6)
Comestibles
 o - 2 bread rations
Scrolls
 j - a scroll of noise
 l - a scroll of enchant armour {unknown}
 r - 2 scrolls of magic mapping {unknown}
 s - a scroll of enchant weapon {unknown}
 t - a scroll of random uselessness {unknown}
 y - a scroll of teleportation {unknown}
 C - a scroll of blinking {unknown}
Jewellery
 i - a ring of stealth (left hand)
 z - an uncursed amulet of guardian spirit {unknown}
 B - a ring of teleport control (right hand)
Potions
 c - a potion of porridge
 e - a potion of curing {unknown}
 f - a potion of cancellation {unknown}
 g - 2 potions of haste
 h - a potion of beneficial mutation {unknown}
Magical staves
 A - an uncursed staff of earth {unknown}


   Skills:
 * Level 2.7 Fighting
 * Level 4.0 Short Blades
 * Level 1.5 Throwing
 + Level 5.9 Dodging
 - Level 6.0 Stealth


You had 4 spell levels left.
You didn't know any spells.

Dungeon Overview and Level Annotations

Branches:
Dungeon (4/15)
 Temple: D:4-7

Altars:

Annotations:
D:4 Dowan


Innate Abilities, Weirdness & Mutations

You are tiny and cannot use many weapons and most armour.
You have supernaturally acute eyesight.
You are a herbivore.
You cover ground extremely quickly.
You need consume almost no food.


Message History

Zapping:
w - a wand of magic darts (8)
Press: ? - help, Shift-Dir - straight line, f/p - Dowan
Aim: Dowan, wielding a dagger of venom and wearing an embroidered robe (severely wounded, fast)
The magic dart hits Dowan.
Dowan is severely wounded.
This wand has 7 charges left.
* * * LOW HITPOINT WARNING * * *
You feel sick. Dowan hits you with a dagger of venom.
* * * LOW HITPOINT WARNING * * *
You are more poisoned.
Dowan hits you but does no damage.
You are more poisoned.
Evoke which item? (* to show all) (? for menu, Esc to quit)
Zapping:
w - a wand of magic darts (7)
Press: ? - help, Shift-Dir - straight line, f/p - Dowan
Aim: Dowan, wielding a dagger of venom and wearing an embroidered robe (severely wounded, fast)
The magic dart hits Dowan.
Dowan is almost dead.
This wand has 6 charges left.
You die...

### # ##.##.#
####...#.#####
+....@e.......
####........##
##.##.##.#
###.# ##.#
#.#.##.##.#
#.<...##.#
#.#.#####.#
#.#.# #.# #
#.#####.#


You could see Dowan.

Vanquished Creatures
  Duvessa (D:4)
  3 adders
  4 gnolls
  4 worms
  A giant gecko (D:1)
  6 bats
  6 giant cockroaches
  3 goblins
  7 hobgoblins
  4 giant newts
  7 jackals
  11 kobolds
  5 rats
62 creatures vanquished.

Notes
Turn   | Place    | Note
--------------------------------------------------------------
     0 | D:1      | MordorOrchid, the Spriggan Berserker, began the quest for the Orb.
     0 | D:1      | Reached XP level 1. HP: 11/11 MP: 2/2
    97 | D:1      | Reached skill level 1 in Stealth
   146 | D:1      | Reached XP level 2. HP: 10/16 MP: 4/4
   427 | D:1      | Acquired Trog's second power
   427 | D:1      | Reached XP level 3. HP: 8/19 MP: 6/6
   814 | D:2      | Reached skill level 5 in Stealth
  1115 | D:2      | Reached XP level 4. HP: 13/23 MP: 8/8
  1148 | D:2      | Reached skill level 6 in Stealth
  1240 | D:2      | Reached skill level 5 in Dodging
  1588 | D:3      | Reached XP level 5. HP: 27/27 MP: 10/10
  1936 | D:4      | Noticed Dowan
  1941 | D:4      | Noticed Duvessa
  1950 | D:4      | Killed Duvessa
  1950 | D:4      | Reached skill level 1 in Throwing
  2169 | D:4      | Succumbed to Dowan's poison

Action                   |  1- 3 |  4- 6 || total
-------------------------+-------+-------++-------
Melee: Short sword       |   108 |       ||   108
       Dagger            |    23 |   113 ||   136
Throw: Stone             |    13 |    15 ||    28
Invok: Berserk           |     1 |     1 ||     2
       Trog's Hand       |     1 |     2 ||     3
Evoke: Wand              |       |     9 ||     9
  Use: Scroll            |       |     4 ||     4
 Stab: Sleeping          |     9 |     9 ||    18
       Distracted        |     1 |       ||     1
  Eat: Fruit             |       |     8 ||     8
